 Dungeon Crawl Stone Soup version 0.27-a0-1200-g94dc6ad4cf (webtiles) character file.

Game seed: 5267985964366042625

2879 polve the Carver (level 9, -2/75 HPs)
             Began as a Demonspawn Berserker on May 31, 2021.
             Was an Elder of Trog.
             Succumbed to a killer bee's poison
             ... on level 10 of the Dungeon.
             The game lasted 00:06:42 (8570 turns).

polve the Carver (Demonspawn Berserker)             Turns: 8570, Time: 00:06:42

Health: -2/75      AC: 16    Str: 20    XL:     9   Next: 48%
Magic:  9/9        EV: 11    Int:  9    God:    Trog [****..]
Gold:   239        SH:  5    Dex: 13    Spells: 8/8 levels left

rFire    . . .     SeeInvis .   G - +0 scimitar (flame)
rCold    . . .     Faith    .   C - +0 buckler
rNeg     . . .     Spirit   .   q - +0 acid dragon scales
rPois    +         Reflect  .   (helmet restricted)
rElec    .         Harm     .   (no cloak)
rCorr    +         Rampage  +   d - +0 pair of gloves
Will     .....                  a - +2 pair of boots {rampage}
Stlth    +.........             (no amulet)
HPRegen  0.22/turn              o - ring of poison resistance
MPRegen  0.11/turn              k - ring of flight

@: lethally poisoned (-2 -> -13), sanguine armoured, on berserk cooldown,
flying, slowed, very slow
A: antennae 2, powered by pain 1, sanguine armour 1
a: Renounce Religion, Berserk, Trog's Hand, Brothers in Arms


You were on level 10 of the Dungeon.
You worshipped Trog.
Trog was greatly pleased with you.
You visited 1 branch of the dungeon, and saw 8 of its levels.
You also visited: Sewer.

You collected 239 gold pieces.

Inventory:

Hand Weapons
 G - a +0 scimitar of flaming (weapon)
Missiles
 r - 3 curare-tipped darts
Armour
 a - a +2 pair of boots of rampaging (worn)
 d - a +0 pair of gloves (worn)
 q - +0 acid dragon scales (worn)
 C - a +0 buckler (worn)
Jewellery
 k - a ring of flight (right hand)
 o - a ring of poison resistance (left hand)
Wands
 b - a wand of iceblast (9)
Scrolls
 e - 3 scrolls of teleportation
 g - a scroll of enchant weapon
 i - 3 scrolls of fog
 w - 2 scrolls of vulnerability
 x - a scroll of noise {unknown}
 y - a scroll of silence {unknown}
 D - a scroll of enchant armour {unknown}
Potions
 c - a potion of berserk rage {unknown}
 f - 2 potions of mutation
 h - a potion of lignification {unknown}
 j - 5 potions of degeneration
 l - 2 potions of flight
 m - a potion of resistance
 n - 6 potions of haste
 s - 6 potions of curing {unknown}
 u - 2 potions of heal wounds {unknown}
 v - a potion of might {unknown}
 z - a potion of cancellation {unknown}
 A - 2 potions of attraction
 B - a potion of magic {unknown}
 E - a potion of brilliance {unknown}


   Skills:
 + Level 8.6 Fighting
 - Level 9.1 Long Blades
 - Level 1.7 Armour
 - Level 1.7 Dodging
 - Level 4.0 Shields


You had 8 spell levels left.
You didn't know any spells.
Your spell library was empty.

Dungeon Overview and Level Annotations

Branches:
Dungeon (10/15)             Sewer (visited)
 Temple: D:4-7         Lair: D:8-11         Orc: D:9-12

Altars:
Fedhas

Shops:
D:3 *   D:7 ?

Annotations:
D:4 exclusion: oklob plant
D:10 Sonja


Innate Abilities, Weirdness & Mutations

You have a pair of antennae on your head.
You sometimes gain a little power by taking damage.
When seriously injured, your bleeding wounds create armour. (AC +6)


Message History

The killer bee closely misses you. x2; You block the killer bee's attack.
You slice the killer bee!! You burn the killer bee.
You kill the killer bee!
Trog accepts your kill.
You feel very sick. The killer bee barely misses you.
The killer bee stings you but does no damage. x2
Sonja gestures wildly while chanting.
Sonja blinks!
The killer bee closely misses you. The killer bee stings you.
* * * LOW HITPOINT WARNING * * *
The killer bee closely misses you.
You riposte.
You closely miss the killer bee. The killer bee stings you.
* * * LOW HITPOINT WARNING * * *
The killer bee stings you but does no damage.
You are no longer berserk.
You are exhausted.
You feel as though you will be slow longer.
* * * LOW HITPOINT WARNING * * *
You feel very sick. The killer bee barely misses you.
The killer bee closely misses you.
You riposte.
You closely miss the killer bee. The killer bee barely misses you.
The killer bee misses you.
You riposte.
You miss the killer bee.
Sonja gestures wildly while chanting.
Sonja blinks!
The killer bee stings you but does no damage. x2
The killer bee misses you.
You miss the killer bee.
* * * LOW HITPOINT WARNING * * *
You feel very sick. The killer bee stings you.
* * * LOW HITPOINT WARNING * * *
The killer bee stings you but does no damage. x3
The killer bee closely misses you. The killer bee barely misses you. x2
The killer bee closely misses you. The killer bee misses you.
You riposte.
You barely miss the killer bee.
The killer bee stings you but does no damage.
The killer bee barely misses you.
The killer bee stings you but does no damage.
You hit the killer bee but do no damage.
You die...

..... #..## .....
##..##### . #...
##...... .. #..######
###.....#
...#.......#####......##
..................#..#
.##..ยง..##########..#
...###Kyy.## #..#
.......y@.# #..#
##......y).# ...#
#....###...# ...# #....#
##..... ...# #...>
#..... .... ..... .##
..### .#


You could see Sonja and 4 killer bees.

Vanquished Creatures
  Erica (D:10)
  A wyvern (D:10)
  An acid dragon (D:10)
  A water moccasin (D:5)
  A black bear (D:4)
  2 ogres
  2 phantoms
  4 centaurs
  5 kobold brigands
  2 scorpions
  2 killer bees (D:10)
  2 hounds
  Jessica (D:2)
  2 iguanas
  A scorpion zombie (D:5)
  Ijyb (D:3)
  Terence (D:3)
  Natasha (thrice) (D:3)
  2 orc wizards
  A killer bee zombie (D:7)
  A howler monkey zombie (D:7)
  3 gnolls (D:4)
  5 adders
  A white imp (D:5)
  4 worms
  2 dart slugs
  15 orcs
  9 endoplasms
  4 giant cockroaches
  8 goblins
  6 hobgoblins
  8 jackals (D:1)
  23 kobolds
  4 quokkas
  13 ball pythons
  7 bats
  3 frilled lizards
  4 rats
156 creatures vanquished.

Vanquished Creatures (others)
  3 plants (D:4)
3 creatures vanquished.

Grand Total: 159 creatures vanquished

Notes
Turn   | Place    | Note
-------+----------+-------------------------------------------
     0 | D:1      | polve the Demonspawn Berserker began the quest for the Orb.
     0 | D:1      | Reached XP level 1. HP: 18/18 MP: 1/1
    75 | D:1      | Reached skill level 3 in Long Blades
    79 | D:1      | Gained mutation: When seriously injured, your bleeding
                  | wounds create armour. (AC +6) [demonic ancestry]
    79 | D:1      | Reached XP level 2. HP: 18/24 MP: 2/2
   261 | D:1      | Found a faded altar of an unknown god.
   902 | D:1      | Reached XP level 3. HP: 29/29 MP: 3/3
  1330 | D:1      | Reached skill level 4 in Long Blades
  1871 | D:2      | Noticed Jessica
  1877 | D:2      | Killed Jessica
  1877 | D:2      | Reached ** piety under Trog
  1878 | D:2      | Reached XP level 4. HP: 35/35 MP: 4/4
  2626 | D:3      | Noticed Natasha
  2637 | D:3      | Killed Natasha
  2638 | D:3      | Reached skill level 5 in Long Blades
  2715 | D:3      | Noticed Natasha
  2722 | D:3      | Killed Natasha
  2723 | D:3      | Gained mutation: You have a pair of small antennae on your
                  | head. [demonic ancestry]
  2723 | D:3      | Reached XP level 5. HP: 40/41 MP: 5/5
  2756 | D:3      | Found Lidurig's Assorted Antiques.
  2798 | D:3      | Noticed Terence
  2807 | D:3      | Killed Terence
  2811 | D:3      | Noticed Ijyb
  2825 | D:3      | Killed Ijyb
  3248 | D:3      | Noticed an ogre
  3255 | D:3      | Killed an ogre
  3256 | D:3      | Reached skill level 6 in Long Blades
  3256 | D:3      | Gained mutation: You sometimes gain a little power by
                  | taking damage. [demonic ancestry]
  3256 | D:3      | Reached XP level 6. HP: 47/47 MP: 6/6
  3428 | D:3      | Noticed Natasha
  3439 | D:3      | Killed Natasha
  3646 | D:4      | Reached skill level 7 in Long Blades
  4145 | D:4      | Reached XP level 7. HP: 27/52 MP: 7/7
  4417 | D:4      | Reached *** piety under Trog
  4884 | D:4      | Found a blossoming altar of Fedhas.
  4913 | D:4      | Noticed an oklob plant
  4952 | D:5      | Entered Level 5 of the Dungeon
  4987 | D:5      | Reached skill level 8 in Long Blades
  5270 | D:5      | Found a glowing drain.
  5280 | Sewer    | Entered a sewer
  5778 | Sewer    | Reached skill level 9 in Long Blades
  5778 | Sewer    | Gained mutation: You have a pair of antennae on your head.
                  | [demonic ancestry]
  5778 | Sewer    | Reached XP level 8. HP: 58/58 MP: 8/8
  6323 | D:5      | Reached **** piety under Trog
  6456 | D:5      | You are sucked into a shaft and drop 2 floors!
  6505 | D:7      | Reached skill level 5 in Fighting
  7034 | D:7      | Found Adutog's Magic Scroll Shoppe.
  7235 | D:7      | You are sucked into a shaft and drop 2 floors!
  7368 | D:9      | Reached skill level 1 in Shields
  7851 | D:10     | Entered Level 10 of the Dungeon
  7852 | D:10     | Noticed Erica
  7878 | D:10     | Killed Erica
  7879 | D:10     | Reached XP level 9. HP: 27/73 MP: 9/9
  8550 | D:10     | Noticed Sonja
  8569 | D:10     | HP: 1/75 [killer bee (6)]
  8570 | D:10     | Succumbed to a killer bee's poison

Illustrated notes

Levels and vault maps discovered:
D:1:      saegor_arrival_simple_d, layout_basic,
          hellmonk_ecumenical_altar_crossroads, minmay_crystal_water
D:2:      layout_rooms, uniq_jessica
D:3:      layout_rooms, serial_shops, shop, minmay_strange_pillars, uniq_ijyb,
          uniq_natasha, uniq_terence
D:4:      layout_cave_pools, tgw_fedhas, grunt_decor_arrowhead
D:5:      layout_loops_ring, cheibrodos_sewer_entry_bend
D:7:      layout_basic, enter_bailey_7, serial_shops, shop_statue
D:9:      layout_rooms
D:10:     layout_layer_cave, special_room [special_room_orc],
          hangedman_decor_points, uniq_sonja, uniq_erica

Skill      XL: |  1  2  3  4  5  6  7  8  9 |
---------------+----------------------------+-----
Long Blades    | 3 4 5 6 7 9 |  9.1
Fighting       | 7 8 |  8.6
Shields        | 3 4 |  4.0
Armour         | |  1.7
Dodging        | |  1.7

Action                   |  1- 3 |  4- 6 |  7- 9 || total
-------------------------+-------+-------+-------++-------
Melee: Falchion          |    92 |   167 |   312 ||   571
       Scimitar          |       |       |    41 ||    41
Invok: Berserk           |     4 |     4 |    14 ||    22
  Use: Scroll            |       |     3 |     5 ||     8
       Potion            |       |       |     1 ||     1
Armor: Animal skin       |    14 |       |       ||    14
       Leather armour    |    20 |    14 |       ||    34
       Scale mail        |       |    51 |   116 ||   167
       Acid dragon scale |       |       |    38 ||    38
Dodge: Dodged            |    79 |   113 |   197 ||   389
Block: Buckler           |       |       |    22 ||    22
       Rpst.: Falchion   |    22 |    39 |    37 ||    98
       Scimitar          |       |       |    12 ||    12

Table legend: (Time is in decaauts)
 A = Elapsed time spent in this place.
 B = Non-inter-level travel time spent in this place.
 C = Inter-level travel time spent in this place.
 D = Time resting spent in this place.
 E = Time spent auto-exploring this place.
 F = Levels seen in this place.
 G = Mean time per level.
                   A        B        C        D        E       F      G
               +--------+--------+--------+--------+--------+-----+--------+
         Total |   8742 |   8618 |    124 |    286 |   7082 |   9 |  971.3 |
       Dungeon |   8149 |   8025 |    124 |    157 |   6752 |   8 | 1018.6 |
         Sewer |    592 |    592 |      0 |    128 |    330 |   1 |  592.0 |
               +--------+--------+--------+--------+--------+-----+--------+

Top non-repeatable levels by time:
     D:1: 1577 daAuts
     D:3: 1535 daAuts
     D:4: 1070 daAuts
     D:5: 947 daAuts
     D:2: 866 daAuts
     D:7: 773 daAuts
    D:10: 758 daAuts
     D:9: 621 daAuts
   Sewer: 592 daAuts
